 Dungeon Crawl Stone Soup version 0.27-a0-333-gfa571bf19a (webtiles) character file.

Game seed: 17647770457698714950

21 inc the Caller (level 2, 0/11 HPs)
             Began as a Felid Summoner on Feb 12, 2021.
             Slain by a leopard gecko (5 damage)
             ... on level 1 of the Dungeon.
             The game lasted 00:00:58 (1135 turns).

inc the Caller (Felid Summoner)                     Turns: 1135, Time: 00:00:59

Health: 0/11       AC:  1    Str:  4    XL:     2   Next: 62%
Magic:  6/6        EV: 18    Int: 16    God:
Gold:   55         SH:  0    Dex: 16    Spells: 4/5 levels left
                                        Lives:  0   Deaths: 0

rFire    . . .     SeeInvis +   (weapon unavailable)
rCold    . . .     Faith    .   (shield unavailable)
rNeg     . . .     Spirit   .   (armour unavailable)
rPois    .         Reflect  .   (helmet unavailable)
rElec    .         Harm     .   (cloak unavailable)
rCorr    .         Rampage  .   (gloves unavailable)
Will     .....                  (boots unavailable)
Stlth    +++.......             (no amulet)
HPRegen  0.03/turn              (no ring)
MPRegen  0.10/turn              (no ring)

@: quick
A: very small, no armour, no weapons or thrown items, stealth, claws 1, fangs 3,
see invisible, speed 1, shaggy fur 1, sharp paws
a: no special abilities


You were on level 1 of the Dungeon.
You visited 1 branch of the dungeon, and saw 1 of its levels.

You collected 55 gold pieces.

Inventory:

Scrolls
 a - a scroll of identify {unknown}
Potions
 b - a potion of curing {unknown}
 c - a potion of lignification {unknown}


   Skills:
 - Level 2.6 Dodging
 - Level 2.6 Stealth
 - Level 2.0 Spellcasting
 + Level 4.8 Summonings


You had 4 spell levels left.
You knew the following spells:

 Your Spells              Type           Power        Failure   Level
a - Summon Small Mammal   Summ           68%          2%          1

Your spell library contained the following spells:

 Spells                   Type           Power        Failure   Level
 Call Imp                 Summ           17%          4%          2
 Call Canine Familiar     Summ           17%          9%          3
 Summon Guardian Golem    Hex/Summ       9%           24%         3
 Summon Ice Beast         Ice/Summ       9%           61%         4
 Summon Lightning Spire   Summ/Air       9%           61%         4


Dungeon Overview and Level Annotations

Branches:
Dungeon (1/15)

Altars:


Innate Abilities, Weirdness & Mutations

You cannot wear armour.
You are incapable of wielding weapons or throwing items.
Your paws allow you to move quietly. (Stealth)
You have sharp claws.
You have razor-sharp teeth.
You have supernaturally acute eyesight. (SInv)
You cover ground quickly.
You are covered in fur. (AC +1)
Your sharp claws are effective at attacking unaware monsters.


Message History

You scratch the rat.
You kill the rat!
A leopard gecko comes into view.
The frilled lizard misses you.
You scratch the frilled lizard.
You kill the frilled lizard!
The helpless frilled lizard fails to defend itself.
You scratch the frilled lizard.
You kill the frilled lizard!
No target in view!
No target in view!
You now have 55 gold pieces (gained 17).
The leopard gecko misses you.
You miss the leopard gecko. The leopard gecko closely misses you.
You scratch the leopard gecko but do no damage.
The leopard gecko barely misses you.
You closely miss the leopard gecko. The leopard gecko closely misses you.
You scratch the leopard gecko.
The leopard gecko is lightly wounded.
The leopard gecko bites you. The leopard gecko misses you.
You miss the leopard gecko. The leopard gecko barely misses you.
You scratch the leopard gecko.
The leopard gecko is moderately wounded.
The leopard gecko completely misses you.
You closely miss the leopard gecko.
The leopard gecko is lightly wounded.
The leopard gecko closely misses you.
You closely miss the leopard gecko.
You bite the leopard gecko, but do no damage.
The leopard gecko is lightly wounded.
The leopard gecko bites you.
You are too injured to fight recklessly!
You are too injured to fight recklessly!
You are too injured to fight recklessly!
A leopard gecko is nearby!
A leopard gecko is nearby!
You scratch the leopard gecko but do no damage.
The leopard gecko is lightly wounded.
The leopard gecko bites you.
You die...

..............# #..
..............# ###
######........# ##
####........# #.
#...........########.
#...........##.......
#...........##.......
#...........##.......
#...@#########.......
#..l.# #######.
#....# #. #....# #.
#....# # #....#
######


You could see a leopard gecko.

Vanquished Creatures
  A dart slug (D:1)
  A giant cockroach (D:1)
  3 goblins (D:1)
  2 hobgoblins (D:1)
  3 jackals (D:1)
  3 bats (D:1)
  4 frilled lizards (D:1)
  2 rats (D:1)
19 creatures vanquished.

Vanquished Creatures (collateral kills)
  A kobold (D:1)
1 creature vanquished.

Grand Total: 20 creatures vanquished

Notes
Turn   | Place    | Note
-------+----------+-------------------------------------------
     0 | D:1      | inc the Felid Summoner began the quest for the Orb.
     0 | D:1      | Reached XP level 1. HP: 7/7 MP: 4/4
     2 | D:1      | Noticed a centaur
     4 | D:1      | Noticed a troll
     4 | D:1      | Noticed a draconian
     6 | D:1      | Noticed an octopode
     8 | D:1      | Noticed an ogre
     8 | D:1      | Noticed a human
    10 | D:1      | Noticed a demonspawn
    10 | D:1      | Noticed a spriggan
    12 | D:1      | Noticed a dwarf
    14 | D:1      | Noticed a merfolk
    14 | D:1      | Noticed a ghoul
    16 | D:1      | Noticed a halfling
    16 | D:1      | Noticed a tengu
    18 | D:1      | Noticed a felid
    18 | D:1      | Noticed an elf
    20 | D:1      | Noticed a naga
    20 | D:1      | Noticed a minotaur
    22 | D:1      | Noticed a demigod
    22 | D:1      | Noticed a vampire
    24 | D:1      | Noticed a formicid
    24 | D:1      | Noticed a gargoyle
    26 | D:1      | Noticed a vine stalker
   487 | D:1      | Reached XP level 2. HP: 11/11 MP: 3/6
  1135 | D:1      | Slain by a leopard gecko

Illustrated notes

Levels and vault maps discovered:
D:1:      kb_arrival_jail, layout_basic

Action                   || total
-------------------------++-------
Melee: Unarmed           ||    56
       Bite              ||     4
 Cast: Summon Small Mamm ||     7
 Stab: Sleeping          ||     5
Armor: Skin              ||     1
Dodge: Dodged            ||    48

Table legend: (Time is in decaauts)
 A = Elapsed time spent in this place.
 B = Non-inter-level travel time spent in this place.
 C = Inter-level travel time spent in this place.
 D = Time resting spent in this place.
 E = Time spent auto-exploring this place.
 F = Levels seen in this place.
 G = Mean time per level.
                   A        B        C        D        E       F      G
               +--------+--------+--------+--------+--------+-----+--------+
         Total |   1046 |   1046 |      0 |    569 |    324 |   1 | 1046.0 |
       Dungeon |   1046 |   1046 |      0 |    569 |    324 |   1 | 1046.0 |
               +--------+--------+--------+--------+--------+-----+--------+

Top non-repeatable levels by time:
     D:1: 1046 daAuts
